 Dungeon Crawl Stone Soup version 0.28.0-43-g3370ac3207 (webtiles) character file.

Game seed: 6950171229503162234

112 smarlow the Magician (level 5, 0/35 HPs)
             Began as a Djinni Conjurer on Mar 7, 2022.
             Slain by a black bear (7 damage)
             ... on level 3 of the Dungeon.
             The game lasted 00:02:20 (2244 turns).

smarlow the Magician (Djinni Conjurer)              Turns: 2244, Time: 00:02:20

Health: 0/35       AC:  2    Str:  6    XL:     5   Next: 16%
Gold:   52         EV: 12    Int: 22    God:
                   SH:  0    Dex: 11

rFire   + + .      SeeInvis .   g - staff of conjuration
rCold   x . .      Faith    .   (no shield)
rNeg    . . .      Spirit   .   a - +0 robe
rPois   ∞          Reflect  .   (no helmet)
rElec   .          Harm     .   (no cloak)
rCorr   .          Rampage  .   (no gloves)
Will    .....                   (boots unavailable)
Stlth   ++........              (no amulet)
HPRegen 0.11/turn               (no ring)
MPRegen 0.00/turn               (no ring)

@: weak-willed, flying
A: sickness immunity, fire resistance 2, cold vulnerability 1, float, innate
caster, HP casting, extra vitality 1
a: no special abilities


You were on level 3 of the Dungeon.
You visited 1 branch of the dungeon, and saw 3 of its levels.

You collected 52 gold pieces.

Inventory:

Armour
 a - a +0 robe (worn)
Magical Staves
 g - a staff of conjuration (weapon)
Jewellery
 b - a ring of willpower
Scrolls
 h - 2 scrolls of enchant weapon {unknown}
 i - a scroll of identify {unknown}
Potions
 d - a potion of heal wounds
 f - 2 potions of curing {unknown}
 j - a potion of might {unknown}
 k - a potion of flight {unknown}


   Skills:
 - Level 2.1 Dodging
 - Level 1.5 Stealth
 + Level 4.8 Spellcasting


You couldn't memorise any spells.
You knew the following spells:

 Your Spells              Type           Power      Damage    Failure   Level
a - Magic Dart            Conj           100%       1d8       1%          1
b - Searing Ray           Conj           78%        2d7       2%          2
c - Dazzling Flash        Conj/Hex       78%        N/A       4%          3
d - Fulminant Prism       Conj/Hex       19%        3d11      14%         4
e - Iskenderun's Mystic   Conj/Tloc      39%        2d9       14%         4
f - Summon Small Mammal   Summ           100%       N/A       1%          1
g - Corpse Rot            Necr/Air       52%        N/A       2%          2
Your spell library was empty.

Dungeon Overview and Level Annotations

Branches:
Dungeon (3/15)

Altars:
Uskayaw

Annotations:
D:2 Sigmund
D:3 Terence


Innate Abilities, Weirdness & Mutations

You are immune to sickness and miasma.
You are immune to poison.
Your flesh is very heat resistant. (rF++)
You are vulnerable to cold. (rC-)
You float through the air rather than walking.
You learn spells naturally, not from books.
Your magical power is your life essence.
You have superior vitality. (+4 MHP)


Message History

Aiming: Searing Ray (safe; 2% risk of failure)
Press: ? - help, Shift-Dir - straight line, f/p - Sigmund
Aim: Sigmund, wielding a +0 scythe and wearing a +2 robe (severely wounded, 78% to hit)
You feel a surge of power!
The searing ray hits Sigmund!
Sigmund is almost dead. (Press . to maintain the ray.) Sigmund drinks a potion.
Sigmund is healed!
Casting: Searing Ray (safe; 2% risk of failure)
Confirm with . or Enter, or press ? or * to list all spells.
You don't know that spell.
Sigmund gestures at you while chanting.
You are confused.
Sigmund closely misses you.
You're too confused to cast spells.
Unknown command.
You barely miss Sigmund. Sigmund closely misses you.
You closely miss Sigmund.
You feel less confused. Sigmund closely misses you.
Sigmund gestures at you while chanting. The magic dart hits you!
* * * LOW HITPOINT WARNING * * *
Sigmund points at you and mumbles some strange words.
The magic dart hits you.
* * * LOW HITPOINT WARNING * * *
There is a stone staircase leading down here.
You fly downwards.
The black bear growls angrily.
You hear a shout!
There is a stone staircase leading up here.
You start resting.
A black bear is nearby!
A giant cockroach and a hobgoblin come into view.
Terence the Incautious comes into view.
He is wielding a +0 flail.
As you read the scroll labelled NISOAPNORCH, it crumbles to dust.
Terence shouts!
Magic quickly surges around you.
It was a scroll of vulnerability.
As you read the scroll labelled KOQOUN UNAULU, it crumbles to dust.
The scroll dissolves into smoke.
It was a scroll of fog.
The black bear bites you!
You die...

#..#........#
#..#.........
.B #<# #.##.#
#g.#.# #..#.#
#..#§#
#..§h#####...
####§@§§.@...
#######...


You could see a black bear (weak-willed).

Vanquished Creatures
  Jessica (D:2)
  3 adders (D:2)
  A worm (D:2)
  2 dart slugs (D:1)
  3 endoplasms
  3 giant cockroaches
  8 goblins (D:1)
  2 hobgoblins
  4 jackals (D:2)
  4 quokkas
  4 ball pythons
  5 bats (D:1)
  3 frilled lizards (D:2)
  3 kobolds
  4 rats
50 creatures vanquished.

Notes
Turn   | Place    | Note
-------+----------+-------------------------------------------
     0 | D:1      | smarlow the Djinni Conjurer began the quest for the Orb.
     0 | D:1      | Reached XP level 1. HP: 15/15 MP: 0/0
   207 | D:1      | Reached XP level 2. HP: 17/21 MP: 0/0
   746 | D:1      | Reached XP level 3. HP: 25/25 MP: 0/0
   746 | D:1      | Learned a level 1 spell: Summon Small Mammal
   877 | D:1      | Reached skill level 4 in Spellcasting
  1413 | D:2      | Noticed Jessica
  1422 | D:2      | Killed Jessica
  1423 | D:2      | Reached XP level 4. HP: 20/31 MP: 0/0
  1635 | D:2      | Found a hide-covered altar of Uskayaw.
  1982 | D:2      | Reached XP level 5. HP: 32/35 MP: 0/0
  1982 | D:2      | Learned a level 2 spell: Corpse Rot
  2208 | D:2      | Noticed Sigmund
  2231 | D:3      | Noticed a black bear
  2241 | D:3      | Noticed Terence
  2244 | D:3      | Slain by a black bear

Illustrated notes

Levels and vault maps discovered:
D:1:      evilmike_arrival_rings, layout_basic, minmay_misc_feat_square,
          chequers_avenue
D:2:      layout_rooms, basic_altar, minmay_misc_feat_tower, uniq_jessica,
          uniq_sigmund
D:3:      minmay_angry_zag, layout_loops_ring,
          yredelemnul_forgotten_temple_becter, ebering_ecumenical_altar_webs,
          minivault_26, uniq_crazy_yiuf_cottage, uniq_terence, uniq_pargi

Skill      XL: |  1  2  3 |
---------------+----------+-----
Spellcasting   | 4 |  4.8
Dodging        | |  2.1
Stealth        | |  1.5

Action                   |  1- 3 |  4- 6 || total
-------------------------+-------+-------++-------
Melee: Staff             |       |     2 ||     2
 Cast: Magic Dart        |    71 |    50 ||   121
       Searing Ray       |       |     2 ||     2
       Iskenderun's Myst |       |     1 ||     1
  Use: Scroll            |       |     2 ||     2
Dodge: Dodged            |     2 |     4 ||     6
